 Dungeon Crawl Stone Soup version 0.23-a0-860-g8ff03fb (webtiles) character file.

5590 Masnef the Conjurer (level 10, -6/61 HPs)
             Began as a Gargoyle Wizard on Jan 24, 2019.
             Was an Elder of Vehumet.
             Splashed by a jelly's acid (8 damage)
             ... on level 8 of the Dungeon on Jan 27, 2019.
             The game lasted 01:14:15 (13905 turns).

Masnef the Conjurer (Gargoyle Wizard)              Turns: 13905, Time: 01:14:15

Health: -6/61      AC:  1    Str: 12    XL:     10   Next: 72%
Magic:  17/19      EV: 14    Int: 21    God:    Vehumet [****..]
Gold:   304        SH:  0    Dex:  8    Spells: 1/21 levels left

rFire    . . .     SeeInvis +   g - +2 spear (pierce)
rCold    . . .     Gourm    .   (no shield)
rNeg     + + .     Faith    .   a - +0 robe
rPois    ∞         Spirit   .   q - +0 helmet
rElec    +         Reflect  .   J - +1 cloak
rCorr    .         Harm     .   p - +0 pair of gloves
MR       .....                  (no boots)
Stlth    ++........             (no amulet)
HPRegen  0.20/turn              E - ring of positive energy
MPRegen  0.16/turn              h - ring of see invisible

@: corroded
A: negative energy resistance 1, electricity resistance, unbreathing,
petrification resistance, rot immunity, AC +7
a: Renounce Religion


You were on level 8 of the Dungeon.
You worshipped Vehumet.
Vehumet was greatly pleased with you.
You were not hungry.

You visited 1 branch of the dungeon, and saw 9 of its levels.

You collected 551 gold pieces.
You spent 247 gold pieces at shops.

Inventory:

Hand Weapons
 c - a +0 dagger
 g - a +2 spear of piercing (weapon)
 v - a +0 dagger of venom
 C - the +6 hand axe "Arcanum" {freeze, *Corrode rF+++ Int+2 Dex+2}
   (You found it on level 4 of the Dungeon)

   It has been specially enchanted to freeze those struck by it, causing extra
   injury to most foes and up to half again as much damage against particularly
   susceptible opponents.
   It can also slow down cold-blooded creatures.
   It affects your intelligence (+2).
   It affects your dexterity (+2).
   It renders you almost immune to fire.
   It may corrode you when you take damage.
 I - a +3 rapier
 K - a +1 shortbow of velocity
Missiles
 m - 220 stones (quivered)
 M - 104 arrows
Armour
 a - a +0 robe (worn)
 b - a +0 hat
 p - a +0 pair of gloves (worn)
 q - a +0 helmet (worn)
 B - the +1 chain mail "Miemmag" {Int+3}
   (You found it on level 4 of the Dungeon)

   It affects your intelligence (+3).
 D - a +0 shield
 J - a +1 cloak (worn)
 N - the +1 robe of Mirth {*Drain +Fly Str+4 Slay+5}
   (You took it off a gnoll on level 6 of the Dungeon)

   It affects your strength (+4).
   It affects your accuracy and damage with ranged weapons and melee attacks
   (+5).
   It lets you fly.
   It causes draining when unequipped.
Jewellery
 h - a ring of see invisible (right hand)
 i - an uncursed amulet of harm
 k - an uncursed ring of flight
 E - a ring of positive energy (left hand)
Wands
 H - a wand of polymorph (9)
 P - a wand of flame (17)
Scrolls
 e - 6 scrolls of remove curse
 f - a scroll of identify
 t - a scroll of amnesia
 w - 2 scrolls of noise
 y - a scroll of teleportation
Potions
 j - 7 potions of curing
 l - 2 potions of degeneration
 n - a potion of haste
 o - 3 potions of flight
 r - 2 potions of lignification
 s - a potion of heal wounds
 u - a potion of berserk rage
 x - 3 potions of brilliance
 z - a potion of resistance
 A - 2 potions of magic {unknown}
 F - a potion of invisibility {unknown}
 G - 3 potions of agility {unknown}
 L - 2 potions of might {unknown}
 O - a potion of mutation {unknown}
Comestibles
 d - 14 rations
 Q - 5 chunks of flesh


   Skills:
 + Level 6.8 Fighting
 - Level 3.1 Armour
 + Level 5.9 Dodging
 - Level 4.0 Stealth
 - Level 6.4 Spellcasting
 - Level 7.0 Conjurations
 - Level 2.0 Hexes
 - Level 3.2 Summonings
 - Level 2.7 Translocations
 * Level 2.9 Fire Magic
 - Level 2.6 Ice Magic
 - Level 1.0 Air Magic
 * Level 2.3 Earth Magic
 - Level 2.0 Poison Magic


You had one spell level left.
You knew the following spells:

 Your Spells              Type           Power        Failure   Level  Hunger
a - Magic Dart            Conj           ####         1%          1    None
b - Blink                 Tloc           N/A          4%          2    None
c - Call Imp              Summ           ###.....     3%          2    None
d - Dazzling Spray        Conj/Hex       ####..       1%          3    #......
e - Freeze                Ice            ###.         1%          1    None
f - Mephitic Cloud        Conj/Pois/Air  ###.....     1%          3    #......
g - Conjure Flame         Conj/Fire      ####....     1%          3    #......
h - Bolt of Magma         Conj/Fire/Erth ###.......   13%         5    #####..

Your spell library contained the following spells:

 Spells                   Type           Power        Failure   Level  Hunger
 Searing Ray              Conj           #####.       1%          2    None
 Throw Frost              Conj/Ice       ####..       1%          2    None
 Iskenderun's Mystic Bla  Conj           #####...     1%          4    ###....
 Force Lance              Conj/Tloc      ####....     3%          4    ###....
 Throw Icicle             Conj/Ice       ####....     3%          4    ###....
 Fulminant Prism          Conj/Hex       ####......   4%          4    ###....
 Slow                     Hex            ###.....     6%          2    None
 Ozocubu's Armour         Chrm/Ice       ##......     16%         3    #......
 Summon Ice Beast         Ice/Summ       ###.....     28%         4    ###....


Dungeon Overview and Level Annotations

Branches:
Dungeon (9/15)             Temple (0/1) D:5            Lair (0/6) D:8
    Orc: D:9-12

Altars:
Ashenzari
Cheibriados
Dithmenos
Elyvilon
Hepliaklqana
Nemelex Xobeh
Qazlal
Vehumet
Wu Jian
Yredelemnul
The Shining One

Shops:
D:7 *

Annotations:
D:8 2 transporters, Harold; Nr616's ghost, novice GnSk; Pikel


Innate Abilities, Weirdness & Mutations

You are resistant to torment.
Your stone body is resilient. (AC +7)
You are immune to poison.
You resist negative energy. (rN+)
You are resistant to electric shocks. (rElec)
You can survive without breathing.
You are immune to petrification.
You are immune to rotting.


Message History

The ooze dies!
Vehumet accepts your kill.
You hit the jelly but do no damage.
Your hands burn!
Your shadow imp hits the jelly.
Your shadow imp is burned by acid!
Your shadow imp dies!
The jelly closely misses you.
You hit the jelly but do no damage. The acid corrodes you!
Your hands burn!
* * * LOW HITPOINT WARNING * * *
The jelly is moderately wounded.
The jelly hits you.
* * * LOW HITPOINT WARNING * * *
You are splashed with acid!
* * * LOW HITPOINT WARNING * * *
Casting: Mephitic Cloud (safe; 1% risk of failure)
Confirm with . or Enter, or press ? or * to list all spells.
You blink.
The jelly hits you.
* * * LOW HITPOINT WARNING * * *
You are splashed with acid!
You die...

..P...........#########..#.##....
.......#.####.o...K..............
.......♣.# #####..######.##....
P......P.# ##. #..##....
..P......# .## #.###....
P......P.P# ## ## ..###.# #....
.P......P.# #. .# #.#...# #....
..>.PP...P.# #.#.# #.#.### #####
.PP.PPP....## #.@.###.#.#
...PP..[...##≈##J##≈#...#########
.....♣)....##.≈.≈§≈..............
..P........###.......##########..
...... ###....## ### ######


You could see a jelly.

Vanquished Creatures
  Grum (D:7)
  A hungry ghost (D:7)
  4 porcupines
  An orc warrior (D:8)
  3 slaves
  2 ice beasts
  A phantom (D:5)
  3 ogres
  3 black bears (D:7)
  6 wolves
  4 centaurs
  2 crocodiles
  2 big kobolds
  A scorpion (D:7)
  A water moccasin skeleton (D:5)
  2 killer bees (D:7)
  2 wights
  5 howler monkeys (D:7)
  2 crimson imps (D:5)
  A centaur skeleton (D:7)
  2 orc priests (D:6)
  A hound (D:7)
  A gnoll shaman (D:4)
  2 iguanas
  8 orc wizards
  2 worker ants (D:7)
  2 hound skeletons (D:6)
  2 worker ant zombies
  Robin (D:2)
  5 gnolls
  A howler monkey skeleton (D:7)
  6 adders
  2 shadow imps (D:7)
  6 oozes
  A dart slug (D:2)
  5 leopard geckos
  31 orcs
  2 giant cockroaches
  11 goblins
  9 hobgoblins
  2 jackals (D:4)
  3 quokkas
  A ball python (D:4)
  5 bats
  8 frilled lizards
  2 gnoll zombies (D:6)
  A jackal skeleton (D:4)
  12 kobolds
  A quokka skeleton (D:4)
  6 rats
188 creatures vanquished.

Vanquished Creatures (collateral kills)
  Erolcha (D:8)
  The ghost of strongu the Poker, a novice OpGl of Gozag (D:5)
  A basilisk (D:8)
  A hungry ghost (D:8)
  A slave (D:7)
  A black bear (D:7)
  An orc warrior (D:7)
  2 ice beasts
  An ogre (D:5)
  A centaur (D:6)
  A bullfrog (D:6)
  2 scorpions
  A killer bee (D:6)
  2 wights (D:6)
  A howler monkey (D:7)
  A centaur zombie (D:5)
  2 jellies (D:8)
  3 orc wizards
  A gnoll shaman (D:6)
  2 worker ants
  7 gnolls
  2 adders
  2 oozes (D:8)
  2 worms
  7 orcs
  A jackal (D:4)
48 creatures vanquished.

Vanquished Creatures (others)
  A fungus (D:8)
  A plant (D:8)
2 creatures vanquished.

Grand Total: 238 creatures vanquished

Notes
Turn   | Place    | Note
-------+----------+-------------------------------------------
     0 | D:1      | Masnef the Gargoyle Wizard began the quest for the Orb.
     0 | D:1      | Reached XP level 1. HP: 10/10 MP: 4/4
   399 | D:1      | Reached skill level 2 in Conjurations
   399 | D:1      | Reached XP level 2. HP: 14/15 MP: 0/6
   403 | D:1      | Learned a level 2 spell: Blink
   406 | D:1      | Learned a level 2 spell: Call Imp
   409 | D:1      | Learned a level 2 spell: Slow
   616 | D:1      | Reached skill level 1 in Translocations
   935 | D:1      | Reached XP level 3. HP: 9/19 MP: 0/7
  1371 | D:2      | Found a radiant altar of Vehumet.
  1397 | D:2      | Became a worshipper of Vehumet
  1599 | D:2      | Found a shattered altar of Ashenzari.
  1720 | D:2      | Noticed Robin
  1735 | D:2      | Reached XP level 4. HP: 16/24 MP: 1/9
  2019 | D:2      | Killed Robin
  2154 | D:2      | Reached skill level 1 in Summonings
  2156 | D:2      | Reached skill level 1 in Fighting
  2205 | D:2      | Reached skill level 3 in Conjurations
  2444 | D:2      | Reached * piety under Vehumet
  2444 | D:2      | Offered knowledge of Freeze by Vehumet.
  2508 | D:2      | Learned a level 1 spell: Freeze
  2841 | D:3      | Reached XP level 5. HP: 29/29 MP: 10/10
  4014 | D:4      | Offered knowledge of Throw Frost by Vehumet.
  4033 | D:4      | Reached ** piety under Vehumet
  4085 | D:4      | Got a twisted chain mail
  4100 | D:4      | Learned a level 3 spell: Dazzling Spray
  4112 | D:4      | Got a fine hand axe
  4113 | D:4      | Identified the +6 hand axe "Arcanum" {freeze, *Corrode
                  | rF+++ Int+2 Dex+2} (You found it on level 4 of the Dungeon)
  4124 | D:4      | Identified the cursed +1 chain mail "Miemmag" {Int+3} (You
                  | found it on level 4 of the Dungeon)
  4451 | D:4      | Found a shattered altar of Ashenzari.
  4503 | D:3      | Reached XP level 6. HP: 30/34 MP: 1/12
  4724 | D:4      | Found a snail-covered altar of Cheibriados.
  4731 | D:4      | Found a hazy altar of Hepliaklqana.
  4736 | D:4      | Found a stormy altar of Qazlal.
  4830 | D:4      | Found an ornate altar of the Wu Jian Council.
  4865 | D:5      | Entered Level 5 of the Dungeon
  4882 | D:5      | Found a white marble altar of Elyvilon.
  5534 | D:5      | Reached XP level 7. HP: 38/40 MP: 10/14
  5629 | D:5      | Reached skill level 1 in Hexes
  5644 | D:5      | Learned a level 3 spell: Mephitic Cloud
  5648 | D:5      | Learned a level 3 spell: Conjure Flame
  5657 | D:5      | Found a staircase to the Ecumenical Temple.
  5909 | D:5      | Found a runed door.
  5909 | D:5      | Noticed strongu's ghost (novice OpGl)
  6401 | D:5      | Killed strongu's ghost
  6401 | D:5      | Reached skill level 5 in Spellcasting
  6401 | D:5      | Reached skill level 4 in Conjurations
  6662 | D:5      | Reached XP level 8. HP: 36/45 MP: 11/15
  6834 | D:6      | Reached skill level 1 in Poison Magic
  7007 | D:6      | Identified the +1 robe of Mirth {*Drain +Fly Str+4 Slay+5}
  7008 | D:6      | Offered knowledge of Stone Arrow by Vehumet.
  7014 | D:6      | Reached skill level 1 in Fire Magic
  7014 | D:6      | Reached skill level 1 in Air Magic
  7282 | D:7      | Reached *** piety under Vehumet
  7505 | D:7      | Offered knowledge of Olgreb's Toxic Radiance by Vehumet.
  7558 | D:7      | Reached skill level 5 in Conjurations
  7579 | D:7      | Found Teusuet's General Store.
  7593 | D:7      | Bought a potion of curing for 45 gold pieces
  7593 | D:7      | Bought a scroll of fear for 52 gold pieces
  7593 | D:7      | Bought a potion of curing for 45 gold pieces
  7593 | D:7      | Bought a potion of brilliance for 60 gold pieces
  7593 | D:7      | Bought a scroll of teleportation for 45 gold pieces
  8072 | D:6      | Reached XP level 9. HP: 42/52 MP: 16/16
  8344 | D:6      | Reached skill level 5 in Fighting
  8732 | D:6      | Reached **** piety under Vehumet
  8743 | D:6      | Found a basalt altar of Yredelemnul.
  9045 | D:7      | Reached skill level 1 in Armour
  9093 | D:7      | Offered knowledge of Bolt of Magma by Vehumet.
  9453 | D:7      | Reached skill level 5 in Dodging
  9453 | D:7      | Reached skill level 6 in Conjurations
  9949 | D:8      | Noticed a brown ugly thing
  9962 | D:8      | Noticed Grum
  9964 | D:8      | Found a transporter.
  9969 | D:8      | Noticed Nr616's ghost (novice GnSk)
 10151 | D:6      | Reached skill level 1 in Ice Magic
 10339 | D:7      | Killed Grum
 10454 | D:8      | Noticed Harold
 10501 | D:6      | Upgraded the game from 0.23-a0-837-ga3e6480 to
                  | 0.23-a0-839-g6d2b917
 10949 | D:7      | Reached XP level 10. HP: 60/60 MP: 9/18
 11166 | D:8      | Noticed Pikel
 12345 | D:8      | Found a shadowy altar of Dithmenos.
 12764 | D:8      | Found a transporter.
 12785 | D:8      | Found a staircase to the Lair.
 12792 | D:8      | Found a glowing golden altar of the Shining One.
 13133 | D:7      | Learned a level 4 spell: Throw Icicle
 13212 | D:8      | Reached skill level 7 in Conjurations
 13217 | D:8      | Upgraded the game from 0.23-a0-839-g6d2b917 to
                  | 0.23-a0-860-g8ff03fb
 13401 | D:8      | Learned a level 5 spell: Bolt of Magma
 13409 | D:9      | Noticed Erolcha
 13662 | D:8      | Found a sparkling altar of Nemelex Xobeh.
 13783 | D:8      | Killed Erolcha
 13904 | D:8      | HP: 3/61 [acid (11)]
 13905 | D:8      | Splashed by a jelly's acid

Vault maps used:
D:1:      matt_arrival_los_fun, minmay_misc_feat_x,
          chequers_serial_rivers_micro_d
D:2:      lemuel_coloured_pillars_altar, st_stairs_3,
          nicolae_ashenzari_panopticon, uniq_robin
D:3:      first_ration
D:4:      kennysheep_little_box, marbit_many_paths, minitemple
D:5:      elyvilon_altar_5, minmay_temple_entry_overgrown,
          hellmonk_ghost_happy_afterlife
D:6:      lemuel_zombie_altar_yredelemnul
D:7:      serial_shops, shop_fountains
D:8:      tso_oasis_becter, gammafunk_temple_overflow_elements, kennysheep_mini,
          lemuel_round_altar, minmay_lair_entry_grove, gammafunk_ghost_arena,
          hangedman_little_slice_of_home, uniq_pikel, uniq_harold, uniq_grum
D:9:      uniq_erolcha

Skill      XL: |  1  2  3  4  5  6  7  8  9 10 |
---------------+-------------------------------+-----
Conjurations   | 2 3 4 5 6 7 |  7.0
Translocations | 1 2 |  2.7
Summonings     | 1 2 3 |  3.2
Fighting       | 1 2 4 6 |  6.8
Spellcasting   | 4 5 6 |  6.4
Dodging        | 2 3 4 5 |  5.9
Hexes          | 2 |  2.0
Stealth        | 3 4 |  4.0
Poison Magic   | 2 |  2.0
Fire Magic     | 2 |  2.9
Air Magic      | 1 |  1.0
Armour         | 2 3 |  3.1
Ice Magic      | 1 2 |  2.6
Earth Magic    | 2 |  2.3

Action                   |  1- 3 |  4- 6 |  7- 9 | 10-12 || total
-------------------------+-------+-------+-------+-------++-------
Melee: Unarmed           |     9 |       |       |       ||     9
       Dagger            |    66 |    35 |       |       ||   101
       Spear             |       |   136 |   325 |   298 ||   759
       Rapier            |       |       |    27 |       ||    27
       Hand axe          |       |       |     7 |       ||     7
Throw: Stone             |       |       |       |     1 ||     1
 Cast: Magic Dart        |    39 |    42 |   112 |    19 ||   212
       Slow              |     1 |     2 |       |       ||     3
       Call Imp          |       |    28 |    70 |    37 ||   135
       Blink             |       |     2 |    21 |    18 ||    41
       Freeze            |       |     5 |     4 |       ||     9
       Conjure Flame     |       |       |    28 |    14 ||    42
       Dazzling Spray    |       |       |     1 |     9 ||    10
       Mephitic Cloud    |       |       |    18 |    25 ||    43
       Throw Icicle      |       |       |       |     3 ||     3
Evoke: Wand              |       |       |     4 |       ||     4
  Use: Scroll            |     1 |    12 |     1 |     7 ||    21
       Potion            |       |       |       |     1 ||     1
 Stab: Sleeping          |     1 |     4 |     6 |     1 ||    12
       Distracted        |       |     1 |     1 |     3 ||     5
       Confused          |       |       |     3 |    12 ||    15
       Petrified         |       |       |       |     3 ||     3
  Eat: Chunk             |     2 |    14 |    13 |     6 ||    35
       Ration            |       |       |     2 |     2 ||     4
Armor: Robe              |    25 |    97 |   144 |   129 ||   395
Dodge: Dodged            |    78 |   119 |   264 |   178 ||   639

Table legend:
 A = Non-vault XP
 B = Vault XP
 C = Vault XP percentage of total XP
 D = Non-vault monster count
 E = Vault monster count
 F = Vault count percentage of total count
                 A         B        C        D         E       F
            +---------+---------+-------+---------+---------+-------
      Total |    4601 |    3385 |  42.4 |     188 |      44 |  19.0
            +---------+---------+-------+---------+---------+-------
        D:1 |      40 |       0 |   0.0 |      11 |       0 |   0.0
        D:2 |      62 |      52 |  45.6 |      20 |      14 |  41.2
        D:3 |      92 |       0 |   0.0 |      18 |       0 |   0.0
        D:4 |     120 |      21 |  14.9 |      17 |       1 |   5.6
        D:5 |     621 |     268 |  30.1 |      18 |       1 |   5.3
        D:6 |    1263 |     231 |  15.5 |      45 |       4 |   8.2
        D:7 |    1715 |    1173 |  40.6 |      39 |      10 |  20.4
        D:8 |     688 |    1640 |  70.4 |      20 |      14 |  41.2
            +---------+---------+-------+---------+---------+-------
